Unix NetHack Version 3.7.0-53 Work-in-progress - last build Mar 21 2022 02:33:53 (e25487e73a26563eb890138f5364dfe52547422e,branch:master). Game began 2022-03-21 15:35:54, ended 2022-03-21 15:58:20. voffer, lawful female human Valkyrie ------ ------- |.... |.....| |... |.....| |... |.....+ |.. |.....| --.----- |.. ## ----.--## # ##.......| |. `#################### # |......| | # ## # ####### # |...._.| # ### #### ## |...<..| ### ### ##--+-- ---------- # -------- # ### #|...| |........|## ###### ## #-....# ## |........|# -------.-# |.>.|## ----- ##..........# |.&.^...-# ----- # |...|#### |........| |{&@&...|# # |....# # +........| |.......| #####....|# ---------- --------- |.... ----- Voffer the Skirmisher St:15 Dx:16 Co:16 In:7 Wi:11 Ch:11 Lawful S:1138 Dlvl:6 $:170 HP:0(49) Pw:14(14) AC:-2 Xp:5/162 T:2465 Latest messages: A water demon appears in a cloud of vapor! The water demon hits! The water demon hits! The water demon misses! The water demon hits! The water demon hits! The water demon misses! The water demon misses! The water demon hits! The water demon bites! The water demon misses! The water demon hits! The water demon bites! The sewer rat suddenly falls asleep! You kill the sewer rat! The water demon hits! The water demon misses! The water demon bites! A water demon appears in a cloud of vapor! The water demon hits! The water demon misses! The water demon bites! The water demon hurls a brilliant blue potion! The flask crashes on your head and breaks into shards. The brilliant blue potion evaporates. Something seems to be holding you. The water demon hits! The water demon hits! The water demon bites! The water demon hits! The water demon hits! The water demon bites! The water demon hits! The water demon just misses! The water demon bites! The water demon hits! The water demon hits! The water demon bites! The water demon hits! The water demon hits! The water demon bites! The water demon hits! The water demon hits! The water demon bites! The water demon hits! The water demon hits! The water demon bites! You die... Do you want your possessions identified? [ynq] (y) y Do you want to see your attributes? [ynq] (y) q Major events: Turn 1: voffer the lawful human Valkyrie entered the dungeon 1474: attained the rank of Skirmisher (level 3) 1828: entered the Gnomish Mines 2465: killed by a water demon, while frozen by a potion Inventory: Coins $ - 170 gold pieces Weapons b - a +0 dagger (at the ready) E - a +0 elven dagger a - a very rusty +2 long sword (weapon in hand) Armor N - an uncursed +0 orcish helm (being worn) c - an uncursed +3 small shield (being worn) K - a blessed +1 dwarvish cloak (being worn) D - a blessed +1 elven mithril-coat (being worn) Comestibles d - 2 uncursed food rations Scrolls o - an uncursed scroll of enchant weapon B - an uncursed scroll of gold detection H - an uncursed scroll of remove curse T - an uncursed scroll of remove curse Potions A - an uncursed potion of monster detection h - an uncursed potion of paralysis n - a potion of holy water Rings I - an uncursed ring of see invisible s - an uncursed ring of teleport control (on right hand) Wands k - a wand of opening (0:3) v - a wand of polymorph (0:6) g - a wand of slow monster (0:3) S - a wand of speed monster (0:5) P - a wand of striking (0:8) u - a wand of undead turning (0:4) Tools F - an empty uncursed bag of holding Q - an uncursed bell f - an uncursed magic whistle L - a +0 pick-axe J - an uncursed skeleton key Voffer the Valkyrie's attributes: Background: You were a Skirmisher, a level 5 human Valkyrie. You were lawful, on a mission for Tyr who was opposed by Odin (neutral) and Loki (chaotic). You were in the Dungeons of Doom, on level 6. You entered the dungeon 2465 turns ago. You had 162 experience points, 158 more were needed to attain level 6. Your score was 1138 before end-of-game adjustments. Basics: You had 0 out of 49 hit points. You had all 14 energy points (spell power). Your armor class was -2. Your wallet contained 170 zorkmids. Autopickup was on for '$' plus thrown. Final Characteristics: Your strength was 15 (limit:18/100). Your dexterity was 16 (limit:18). Your constitution was 16 (limit:18). Your intelligence was 7 (limit:18). Your wisdom was 11 (limit:18). Your charisma was 11 (limit:18). Final Status: You were not hungry. You were unencumbered. You were wielding a long sword. You had basic skill with long sword. Final Attributes: You were piously aligned. You were cold resistant. You were stealthy. You had teleport control. You were guarded. You were fast. You are dead. Miscellaneous: You never encountered a bones level. Total elapsed playing time was 22 minutes and 26 seconds. Vanquished creatures: a gnome leader a dwarf a kobold shaman a rothe 2 giant bats a monkey 2 dwarf zombies a werejackal an acid blob 2 hobbits a hobgoblin a giant rat a yellow mold 2 green molds a red mold 5 garter snakes a gnome zombie 4 geckos a jackal 2 goblins 5 sewer rats 2 grid bugs a bat 2 lichens 2 kobold zombies 3 newts 47 creatures vanquished. No species were genocided or became extinct. Voluntary challenges: You read items or engraved 12 times. You never engraved Elbereth. You never genocided any monsters. You never polymorphed an object. You never changed form. You used no wishes. Achievements: You entered a shop. You attained the rank of Skirmisher. You entered the Gnomish Mines. The Dungeons of Doom: levels 1 to 7 Level 1: A fountain. Level 2: A fountain. Level 3: A general store. Level 4: Stairs down to The Gnomish Mines. Level 5: A general store, a grave. Level 6: <- You were here. An altar to Tyr, a fountain. Final resting place for you, killed by a water demon, while frozen by a potion. Level 7: The Gnomish Mines: Level 5: Game over: ---------- / \ / REST \ / IN \ / PEACE \ / \ | voffer | | 170 Au | | killed by a | | water demon | | | | | | 2022 | *| * * * | * _________)/\\_//(\/(/\)/\//\/|_)_______ Farvel voffer the Valkyrie... You died in The Dungeons of Doom on dungeon level 6 with 1121 points, and 170 pieces of gold, after 2465 moves. You were level 5 with a maximum of 49 hit points when you died.